 Dungeon Crawl Stone Soup version 0.31-a0-549-gf98fd537a9 (webtiles) character file.

Game seed: 4141467375427722727

5161 Conn the Thaumaturge (level 10, -2/66 HPs)
             Began as a Human Fire Elementalist on Aug 16, 2023.
             Was an Elder of Vehumet.
             Shot with an arrow by a centaur warrior (11 damage)
             ... on level 8 of the Dungeon.
             The game lasted 00:34:31 (8766 turns).

Conn the Thaumaturge (Human Fire Elementalist)      Turns: 8766, Time: 00:34:32

Health: -2/66      AC:  4    Str:  8    XL:     10   Next: 89%
Magic:  4/23       EV: 13    Int: 20    God:    Vehumet [****..]
Gold:   687        SH:  0    Dex: 14    Spells: 4/28 levels left

rFire   . . .        m - +4 dagger (flame)
rCold   . . .        (no shield)
rNeg    . . .        a - +0 robe
rPois   .            x - +1 helmet
rElec   .            (no cloak)
rCorr   .            (no gloves)
SInv    +            (no boots)
Will    .....        (no amulet)
Stlth   ++           i - ring of see invisible
HPRegen 0.31/turn    (no ring)
MPRegen 0.18/turn

%: no passive effects
@: no status effects
A: no striking features
a: Renounce Religion


You were on level 8 of the Dungeon.
You worshipped Vehumet.
Vehumet was greatly pleased with you.
You visited 1 branch of the dungeon, and saw 9 of its levels.

You collected 687 gold pieces.

Inventory:

Hand Weapons
 d - a +0 short sword
 l - a +0 short sword of electrocution
 m - a +4 dagger of flaming (weapon)
Armour
 a - a +0 robe (worn)
 o - a +0 leather armour of positive energy
 x - a +1 helmet (worn)
Magical Staves
 c - the staff of Bodily Harmony {rPois rN++ MP-9 Int-2 SInv Poison}
   (You found it on level 2 of the Dungeon)

   [staff of poison]

   Base accuracy: +5 Base damage: 5 Base attack delay: 1.2 This weapon's minimum
   attack delay (0.6) is reached at skill level 12.
   Int-2:     It affects your intelligence (-2).
   rPois:     It protects you from poison rN++: It greatly protects you from
   negative energy.
   MP-9:      It affects your magic capacity (-9).
   SInv:      It lets you see invisible.
   Poison:    It increases the power of your Poison spells.
   It falls into the 'Staves' category.
   It is a one-handed weapon.
 k - a staff of earth
Jewellery
 i - a ring of see invisible (left hand)
Wands
 p - a wand of roots (8)
 r - a wand of paralysis (17)
 u - a wand of quicksilver (1)
Scrolls
 h - a scroll of blinking
 n - a scroll of immolation
 q - a scroll of teleportation
Potions
 b - a potion of magic
 e - 3 potions of enlightenment
 g - a potion of curing
 j - 2 potions of might
 s - a potion of attraction
 v - a potion of resistance
 z - a potion of heal wounds {unknown}


   Skills:
 + Level 1.4 Fighting
 + Level 1.4 Short Blades
 + Level 3.2 Dodging
 + Level 3.8 Stealth
 * Level 9.7 Spellcasting
 * Level 5.8 Conjurations
 + Level 1.7 Hexes
 * Level 2.8 Translocations
 + Level 7.5 Fire Magic
 - Level 3.1 Air Magic
 + Level 0.4 Evocations


You had 4 spell levels left.
You knew the following spells:

 Your Spells              Type           Power      Damage    Failure   Level
a - Foxfire               Conj/Fire      100%       2x1d9     1%          1
b - Scorch                Fire           78%        2d8       1%          2
c - Inner Flame           Hex/Fire       28%        N/A       1%          3
d - Flame Wave            Conj/Fire      36%        2d10      1%          4
e - Searing Ray           Conj           66%        2d6       1%          2
f - Fulminant Prism       Conj/Hex       12%        3d9       4%          4
g - Shock                 Conj/Air       100%       1d9       1%          1
h - Blink                 Tloc           42%        N/A       3%          2
i - Iskenderun's Battles  Conj           33%        2d9       5%          5

Your spell library contained the following spells:

 Spells                   Type           Power      Damage    Failure   Level
 Magic Dart               Conj           100%       1d8       1%          1
 Volatile Blastmotes      Fire/Tloc      60%        2d15      1%          3
 Lesser Beckoning         Tloc           42%        N/A       3%          2
 Gell's Gravitas          Tloc           21%        N/A       7%          3
 Teleport Other           Tloc           21%        N/A       7%          3
 Ensorcelled Hibernation  Hex/Ice        26%        N/A       8%          2
 Manifold Assault         Tloc           21%        N/A       22%         4
 Anguish                  Hex/Necr       6%         N/A       45%         4


Dungeon Overview and Level Annotations

Branches:
Dungeon (9/15)             Temple (0/1) D:4
   Lair: D:8-11         Orc: D:9-12

Altars:
Gozag
Trog
Vehumet
Wu Jian
The Shining One

Shops:
D:6 ?


Message History

Press: ? - help, Dir - move target, f - centaur warrior
Aim: a centaur warrior, wielding a +0 orcbow (ally target, chance to affect: 69%)
The centaur warrior struggles to resist.
The foxfire hits the centaur warrior.
The centaur warrior is lightly wounded.
The foxfire hits the centaur warrior!
The centaur warrior is moderately wounded.
Unknown command.
Casting: Inner Flame (safe; 1% risk of failure)
Confirm with . or Enter, or press ? or * to list all spells.
You conjure some foxfire!
Unknown command.
Casting: Foxfire (safe; 1% risk of failure)
Confirm with . or Enter, or press ? or * to list all spells.
Aiming: Inner Flame (safe; 1% risk of failure)
Press: ? - help, Dir - move target, f/p - centaur warrior
Aim: a centaur warrior, wielding a +0 orcbow (moderately wounded, ally target, chance to affect: 69%)
The centaur warrior is filled with an inner flame.
The foxfire hits the centaur warrior.
Flame seeps out of the centaur warrior.
The centaur warrior is moderately wounded.
The foxfire hits the centaur warrior.
Flame seeps out of the centaur warrior.
The centaur warrior is moderately wounded.
The centaur warrior is engulfed in blazing flames.
Flame seeps out of the centaur warrior.
The centaur warrior shoots an arrow.
The arrow hits you!!
* * * LOW HITPOINT WARNING * * *
The centaur warrior is engulfed in blazing flames.
Flame seeps out of the centaur warrior.
The centaur warrior shoots an arrow.
The arrow completely misses you.
Unknown command.
Casting: Inner Flame (safe; 1% risk of failure)
Confirm with . or Enter, or press ? or * to list all spells.
Flames lash the centaur warrior.
Flame seeps out of the centaur warrior.
The centaur warrior is severely wounded.
The centaur warrior's fire resistance burns away.
You hear an angry hiss.
The centaur warrior is engulfed in blazing flames.
Flame seeps out of the centaur warrior.
The centaur warrior shoots an arrow.
The arrow hits you!
You die...

............#
....##......#.##... .. .##
....##......#.#...##. ..#
...........:#.......##...#
..#....######.#..........
..............#c....#..#
#.......o.....#.)).....#
#.........g...##ยงยง..#
............o..#@(..#
..#.........#..##).##
..#.........#..#v..#
..#.........#..)..##
..#.........#.....#
.=#........|#..@[##
###....######..... .......
......# ....... .......#


You could see a centaur warrior (inner flame, combustible).

Vanquished Creatures
  A two-headed ogre (D:8)
  An ugly thing (D:9)
  The ghost of Scrael the Slasher, a novice DsGl of Ignis (D:5)
  Maggie (D:8)
  Psyche (D:8)
  The ghost of wazuzuz the Trooper, an amateur HOMo (D:5)
  Sigmund (D:2)
  Eustachio (D:5)
  Duvessa (D:4)
  A water moccasin (D:9)
  3 black bears
  3 orc warriors
  A centaur (D:6)
  An ogre (D:5)
  2 gnoll sergeants (D:7)
  A kobold brigand (D:8)
  4 bullfrogs
  4 wights (D:7)
  Dowan (D:4)
  2 howler monkeys
  A jelly (D:5)
  5 orc priests
  5 hounds
  An iron imp (D:8)
  An iguana (D:4)
  2 sleepcaps (D:4)
  Natasha (thrice) (D:4)
  A gnoll bouda (D:8)
  8 orc wizards
  Robin (D:2)
  24 gnolls
  7 adders
  2 shadow imps
  A white imp (D:5)
  2 ufetubi
  2 worms
  2 dart slugs
  29 orcs
  4 endoplasms
  A giant cockroach (D:1)
  3 hobgoblins
  3 jackals (D:2)
  11 kobolds
  4 quokkas
  6 ball pythons
  4 bats
  3 frilled lizards
  17 goblins
  2 rats (D:1)
187 creatures vanquished.

Vanquished Creatures (others)
  A gnoll (D:8)
  441 foxfires
  2 fulminant prisms (D:8)
444 creatures vanquished.

Grand Total: 631 creatures vanquished

Notes
Turn   | Place    | Note
-------+----------+-------------------------------------------
     0 | D:1      | Conn the Human Fire Elementalist began the quest for the
                  | Orb.
     0 | D:1      | Reached XP level 1. HP: 13/13 MP: 3/3
   183 | D:1      | Reached XP level 2. HP: 19/19 MP: 0/5
   213 | D:1      | Found a faded altar of an unknown god.
   329 | D:1      | Prayed at the altar of an unknown god.
   329 | D:1      | Became a worshipper of Vehumet
   329 | D:1      | Reached * piety under Vehumet
   329 | D:1      | Offered knowledge of Shock by Vehumet.
   395 | D:1      | Learned a level 2 spell: Scorch
   397 | D:1      | Learned a level 1 spell: Shock
   478 | D:1      | Reached XP level 3. HP: 24/24 MP: 6/6
  1174 | D:2      | Noticed Robin
  1189 | D:2      | Reached ** piety under Vehumet
  1189 | D:2      | Offered knowledge of Magic Dart by Vehumet.
  1211 | D:2      | Found a glowing golden altar of the Shining One.
  1255 | D:2      | Killed Robin
  1256 | D:2      | Reached XP level 4. HP: 19/30 MP: 1/7
  1458 | D:2      | Noticed Sigmund
  1690 | D:2      | Learned a level 3 spell: Inner Flame
  1891 | D:2      | Killed Sigmund
  1892 | D:2      | Reached skill level 3 in Spellcasting
  1892 | D:2      | Reached skill level 1 in Air Magic
  1892 | D:2      | Reached XP level 5. HP: 36/36 MP: 1/10
  1892 | D:2      | Reached XP level 6. HP: 42/42 MP: 1/11
  2160 | D:2      | Identified the staff of Bodily Harmony {rPois rN++ MP-9
                  | Int-2 SInv Poison}
  3141 | D:3      | Learned a level 4 spell: Flame Wave
  3149 | D:4      | Reached skill level 4 in Spellcasting
  3268 | D:4      | Offered knowledge of Momentum Strike by Vehumet.
  3273 | D:4      | Noticed Duvessa
  3345 | D:4      | Found an opulent altar of Gozag.
  3390 | D:4      | Noticed Natasha
  3396 | D:4      | Killed Natasha
  3457 | D:4      | Reached XP level 7. HP: 47/47 MP: 7/13
  3523 | D:4      | Found a staircase to the Ecumenical Temple.
  3528 | D:4      | Reached skill level 1 in Short Blades
  3791 | D:4      | Noticed Natasha
  3793 | D:4      | Killed Natasha
  3817 | D:4      | Killed Duvessa
  3817 | D:4      | Noticed Dowan
  3820 | D:4      | Killed Dowan
  3858 | D:4      | Noticed Natasha
  3861 | D:4      | Killed Natasha
  4040 | D:4      | Found an ornate altar of the Wu Jian Council.
  4043 | D:4      | Reached *** piety under Vehumet
  4044 | D:4      | Reached skill level 5 in Spellcasting
  4149 | D:4      | Reached skill level 1 in Hexes
  4149 | D:4      | Reached XP level 8. HP: 46/53 MP: 7/15
  4627 | D:5      | Entered Level 5 of the Dungeon
  4627 | D:5      | Noticed Eustachio
  4741 | D:5      | Reached skill level 1 in Fighting
  4747 | D:5      | Reached skill level 5 in Fire Magic
  4917 | D:5      | Killed Eustachio
  4918 | D:5      | Reached skill level 6 in Spellcasting
  4985 | D:5      | Offered knowledge of Dazzling Flash by Vehumet.
  5182 | D:5      | Found a runed translucent gate.
  5184 | D:5      | Found a runed translucent gate.
  5184 | D:5      | Found a runed translucent gate.
  5188 | D:5      | Noticed Scrael's ghost (novice DsGl)
  5188 | D:5      | Noticed wazuzuz's ghost (amateur HOMo)
  5552 | D:6      | Reached XP level 9. HP: 49/59 MP: 14/18
  6148 | D:6      | Found Ysiusoss's Magic Scroll Shop.
  6242 | D:2      | Learned a level 2 spell: Searing Ray
  6247 | D:2      | Learned a level 4 spell: Fulminant Prism
  6457 | D:5      | Killed Scrael's ghost
  6458 | D:5      | Reached skill level 7 in Spellcasting
  6718 | D:5      | Killed wazuzuz's ghost
  6719 | D:5      | Reached skill level 5 in Conjurations
  7251 | D:7      | Reached **** piety under Vehumet
  7573 | D:7      | Learned a level 2 spell: Blink
  7706 | D:7      | Found a bloodstained altar of Trog.
  7712 | D:7      | Offered knowledge of Iskenderun's Battlesphere by Vehumet.
  7713 | D:7      | Reached skill level 8 in Spellcasting
  7719 | D:7      | Learned a level 5 spell: Iskenderun's Battlesphere
  7805 | D:7      | Reached XP level 10. HP: 51/64 MP: 7/22
  7807 | D:7      | Reached skill level 1 in Translocations
  8062 | D:8      | Noticed a two-headed ogre
  8091 | D:8      | Identified the +2 sling "Qidgh" {heavy, Str+4}
  8098 | D:8      | Killed a two-headed ogre
  8099 | D:8      | Reached skill level 9 in Spellcasting
  8121 | D:8      | Noticed a seven-headed hydra
  8382 | D:8      | Noticed Maggie
  8395 | D:8      | Killed Maggie
  8396 | D:8      | Noticed a boulder beetle
  8403 | D:9      | Noticed a white ugly thing
  8414 | D:9      | Killed a white ugly thing
  8705 | D:8      | Noticed Psyche
  8723 | D:8      | Killed Psyche
  8761 | D:8      | Noticed a centaur warrior
  8766 | D:8      | Shot with an arrow by a centaur warrior

Illustrated notes

Levels and vault maps discovered:
D:1:      dpeg_arrival_windows_large_door, layout_rooms,
          ebering_ecumenical_altar_ruins
D:2:      layout_basic, basic_altar, uniq_sigmund, uniq_robin
D:3:      minmay_door_path, layout_basic
D:4:      layout_loops_ring, amcnicky_altar_gilded,
          mainiacjoe_overflow_24_doors, minmay_temple_entry_statues_fountains,
          minmay_misc_feat_x, uniq_duvessa, uniq_natasha
D:5:      layout_rooms, gammafunk_ghost_cemetery, amcnicky_mini_pool_small,
          uniq_eustachio
D:6:      layout_basic, serial_shops, shop, hex_tiny
D:7:      layout_loops_corners, trog_ov_bears_minmay
D:8:      minmay_cut_squares, layout_cave_pools, enter_ossuary_5,
          minmay_checkerbox, uniq_psyche, uniq_maggie
D:9:      layout_roguey, david_lair_shrubbed, orc_0_dummy,
          nicolae_demonic_statue_gallery

Skill      XL: |  1  2  3  4  5  6  7  8  9 10 |
---------------+-------------------------------+-----
Conjurations   | 2 3 4 5 |  5.8
Spellcasting   | 3 4 5 6 8 9 |  9.7
Air Magic      | 1 2 3 |  3.1
Short Blades   | 1 |  1.4
Fire Magic     | 4 5 6 7 |  7.5
Hexes          | 1 |  1.7
Fighting       | 1 |  1.4
Stealth        | 3 |  3.8
Translocations | 2 |  2.8
Dodging        | 3 |  3.2
Evocations     | |  0.4

Action                     |  1- 3 |  4- 6 |  7- 9 | 10-12 || total
---------------------------+-------+-------+-------+-------++-------
  Melee: Short sword       |    20 |       |       |       ||    20
         Dagger            |     5 |    25 |    31 |    18 ||    79
         Punch             |       |     1 |     2 |       ||     3
   Cast: Foxfire           |    51 |    43 |   139 |    21 ||   254
         Scorch            |     1 |    14 |    47 |    22 ||    84
         Inner Flame       |       |     3 |    15 |     5 ||    23
         Shock             |       |     2 |       |     1 ||     3
         Flame Wave        |       |       |     4 |     9 ||    13
         Iskenderun's Batt |       |       |     1 |     3 ||     4
         Fulminant Prism   |       |       |       |     2 ||     2
         Blink             |       |       |       |     1 ||     1
         Searing Ray       |       |       |       |     1 ||     1
  Evoke: Wand              |       |       |       |     6 ||     6
    Use: Scroll            |       |     7 |     4 |     6 ||    17
         Potion            |       |     1 |       |     3 ||     4
   Stab: Sleeping          |     1 |     3 |       |     1 ||     5
 Armour: Robe              |     5 |     3 |    13 |     3 ||    24
         Skin              |       |       |       |     7 ||     7
  Dodge: Dodged            |    17 |    20 |    56 |    29 ||   122

Table legend: (Time is in decaauts)
 A = Elapsed time spent in this place.
 B = Non-inter-level travel time spent in this place.
 C = Inter-level travel time spent in this place.
 D = Time resting spent in this place.
 E = Time spent auto-exploring this place.
 F = Levels seen in this place.
 G = Mean time per level.
                   A        B        C        D        E       F      G
               +--------+--------+--------+--------+--------+-----+--------+
         Total |   8780 |   8522 |    258 |   1056 |   4955 |   9 |  975.6 |
       Dungeon |   8780 |   8522 |    258 |   1056 |   4955 |   9 |  975.6 |
               +--------+--------+--------+--------+--------+-----+--------+

Top non-repeatable levels by time:
     D:2: 1500 daAuts
     D:4: 1484 daAuts
     D:7: 1415 daAuts
     D:5: 1194 daAuts
     D:3: 1133 daAuts
     D:1: 790 daAuts
     D:6: 765 daAuts
     D:8: 290 daAuts
     D:9: 205 daAuts
